 Dungeon Crawl Stone Soup version 0.28.0-43-g3370ac3207 (webtiles) character file.

Game seed: 11457075821004602155

7107 Sanktem7 the Fighter (level 10, -3/101 HPs)
             Began as a Minotaur Fighter on Feb 28, 2022.
             Was a Priest of Okawaru.
             Slain by an unseen horror (6 damage)
             ... on level 10 of the Dungeon on Mar 1, 2022.
             The game lasted 00:18:34 (11826 turns).

Sanktem7 the Fighter (Minotaur Fighter)            Turns: 11826, Time: 00:18:34

Health: -3/101     AC: 14    Str: 24    XL:     10   Next: 84%
Magic:  0/9        EV: 12    Int:  5    God:    Okawaru [***...]
Gold:   531        SH:  4    Dex: 11    Spells: 9/9 levels left

rFire   x . .      SeeInvis .   a - +0 war axe {axe}
rCold   + . .      Faith    .   c - +0 buckler
rNeg    . . .      Spirit   +   t - +1 chain mail
rPois   .          Reflect  .   (helmet restricted)
rElec   .          Harm     .   D - +1 cloak
rCorr   .          Rampage  .   (no gloves)
Will    .....                   (no boots)
Stlth   ..........              j - amulet of guardian spirit
HPRegen 0.26/turn               p - +4 ring of evasion
MPRegen 0.11/turn               s - ring of ice

@: no status effects
A: horns 2, retaliatory headbutt, deterioration 1
a: Renounce Religion, Heroism


You were on level 10 of the Dungeon.
You worshipped Okawaru.
Okawaru was most pleased with you.
You visited 2 branches of the dungeon, and saw 11 of its levels.

You collected 531 gold pieces.


Innate Abilities, Weirdness & Mutations

You have a pair of horns on your head.
You reflexively headbutt those who attack you in melee.
Your body sometimes deteriorates upon taking damage.


   Skills:
 * Level 13.0 Fighting
 * Level 12.8 Axes
 + Level 9.7 Armour
 - Level 3.6 Shields


You had 9 spell levels left.
You didn't know any spells.
Your spell library contained the following spells:

 Spells                   Type           Power      Damage    Failure   Level
 Blink                    Tloc           0%         N/A       99%         2
 Scorch                   Fire           0%         2d5       99%         2
 Static Discharge         Conj/Air       0%         N/A       99%         2
 Gell's Gravitas          Tloc           0%         N/A       100%        3
 Portal Projectile        Hex/Tloc       0%         N/A       100%        3
 Teleport Other           Tloc           0%         N/A       100%        3
 Dispel Undead            Necr           0%         3d6       100%        4
 Flame Wave               Conj/Fire      0%         2d4       100%        4
 Sticky Flame             Conj/Fire      0%         2d3       100%        4
 Blade Hands              Tmut           0%         N/A       100%        5
 Excruciating Wounds      Necr           0%         N/A       100%        5
 Manifold Assault         Tloc           0%         N/A       100%        5
 Dispersal                Tloc           0%         N/A       100%        6
 Storm Form               Tmut/Air       0%         N/A       100%        7
 Summon Cactus Giant      Summ           Unusable   N/A       N/A         6

Inventory:

Hand Weapons
 a - a +0 war axe (weapon) {axe}
 k - a +2 dagger of holy wrath {short}
   (You took it off an orc wizard on level 10 of the Dungeon)
 w - a +1 mace of holy wrath {mace}
   (You took it off an orc on level 9 of the Dungeon)
Missiles
 u - 17 stones (quivered) {throwing}
Armour
 c - a +0 buckler (worn)
 t - a +1 chain mail (worn)
   (You found it on level 4 of the Dungeon)
 D - a +1 cloak (worn)
   (You took it off Maurice on level 8 of the Dungeon)
Jewellery
 j - an amulet of guardian spirit (around neck)
   (You found it on level 6 of the Dungeon)
 p - a +4 ring of evasion (left hand)
   (You found it on level 3 of the Dungeon)
 s - a ring of ice (right hand)
   (You found it on level 4 of the Dungeon)
 E - an amulet of regeneration {@e2}
   (You found it on level 7 of the Dungeon)
Wands
 x - a wand of flame (23)
   (You found it on level 8 of the Dungeon)
 z - a wand of digging (6)
   (You found it on level 8 of the Dungeon)
Scrolls
 g - a scroll of teleportation {@r4}
 h - 3 scrolls of identify {@r1}
 i - a scroll of fear
 l - 2 scrolls of immolation {unknown}
 m - 2 scrolls of blinking {!r}
 o - 2 scrolls of amnesia
 q - 4 scrolls of vulnerability {!r!r}
 v - a scroll of noise {!r}
Potions
 b - 3 potions of attraction {!q}
 d - a potion of might
 e - 4 potions of haste {@q3}
 f - a potion of invisibility
 n - 2 potions of heal wounds {@q2}
 r - a potion of brilliance

Dungeon Overview and Level Annotations

Branches:
Dungeon (10/15)            Temple (1/1) D:7
   Lair: D:8-11         Orc: D:9-12

Altars:
Ashenzari
Cheibriados
Dithmenos
Elyvilon
Fedhas
Gozag
Hepliaklqana
Kikubaaqudgha
Makhleb
Nemelex Xobeh
Okawaru
Qazlal
Ru
Sif Muna
Trog
Uskayaw
Vehumet
Wu Jian
Xom
Yredelemnul
Zin
The Shining One

Shops:
D:8

(
........########.#####.#########.
.................................
.................................
.................................
.................................
#######..........................
#.........................[
#........................).
#.........@.............)))
#######.########.#######.........
..$[....# #.# #.........
#.#####.# #.# #......... #.# #.#
#......... #.# #.# #......... #.#
#.# #......... #.# #.# #.........
#.# #.# #.....<...


There were no monsters in sight!


Message History

You take 3 damage, and now have 47/101 hp.
You lost 1 mp, and now have 7/9 mp.
Something hits you but does no damage. Something hits you.
* * * LOW HITPOINT WARNING * * *
😨 HP[-2] MP[-1]
You take 2 damage, and now have 45/101 hp.
You lost 1 mp, and now have 6/9 mp.
Something hits you but does no damage. Something hits you but does no damage.
Something hits you but does no damage. 😨 HP[+1]
Something hits you but does no damage. 😨 MP[+1]
Something completely misses you. Something hits you but does no damage.
Something hits you.
* * * LOW HITPOINT WARNING * * *
😨 HP[-3] MP[-1]
You take 3 damage, and now have 43/101 hp.
You lost 1 mp, and now have 6/9 mp.
Something hits you but does no damage. Something barely misses you.
Something hits you but does no damage. Something hits you.
* * * LOW HITPOINT WARNING * * *
Something hits you.
* * * LOW HITPOINT WARNING * * *
😨 HP[-7] MP[-2]
You take 7 damage, and now have 36/101 hp.
You lost 2 mp, and now have 4/9 mp.
Something hits you but does no damage.
Something hits you but does no damage. 😨 MP[+1]
Something hits you.
* * * LOW HITPOINT WARNING * * *
😨 HP[-3]
You take 3 damage, and now have 33/101 hp.
Something hits you but does no damage. 😨 HP[+1]
Something hits you but does no damage. Something hits you but does no damage.
You block something's attack. Something hits you but does no damage.
Something barely misses you. 😨 HP[+1]
Something hits you but does no damage. Something hits you.
* * * LOW HITPOINT WARNING * * *
Something hits you but does no damage.
Something hits you but does no damage. 😨 HP[-3]
You take 3 damage, and now have 32/101 hp.
Something hits you but does no damage. 😨 HP[+1]
Something hits you but does no damage. Something hits you!
* * * LOW HITPOINT WARNING * * *
😨 HP[-7] MP[-2]
You take 7 damage, and now have 26/101 hp.
You lost 2 mp, and now have 3/9 mp.
You miss something. Something hits you!
* * * LOW HITPOINT WARNING * * *
Something hits you but does no damage. 😱 HP[-8] MP[-1]
You take 8 damage, and now have 18/101 hp.
You lost 1 mp, and now have 2/9 mp.
You miss something. Something hits you.
* * * LOW HITPOINT WARNING * * *
😱 HP[-4]
You take 4 damage, and now have 14/101 hp.
Something hits you.
* * * LOW HITPOINT WARNING * * *
Something hits you but does no damage. 😱 HP[-3]
You take 3 damage, and now have 11/101 hp.
You closely miss something. Something hits you but does no damage.
You block something's attack.
Something hits you but does no damage. x2 😱 HP[+1]
You closely miss something.
Something hits you but does no damage. 😱 MP[+1]
Something hits you but does no damage. Something hits you.
* * * LOW HITPOINT WARNING * * *
Something hits you!
* * * LOW HITPOINT WARNING * * *
You slash something! You headbutt something.
Something hits you but does no damage.
Something hits you but does no damage. 😱 HP[-7] MP[-2]
You take 7 damage, and now have 5/101 hp.
You lost 2 mp, and now have 1/9 mp.
Something hits you but does no damage. Something hits you.
* * * LOW HITPOINT WARNING * * *
Something hits you but does no damage. 😱 HP[-2] MP[-1]
You take 2 damage, and now have 3/101 hp.
You lost 1 mp, and now have 0/9 mp.
Something hits you.
You die...

Skill      XL: |  1  2  3  4  5  6  7  8  9 10 |
---------------+-------------------------------+-----
Fighting       | 4 5 6 8 9 11 13 | 13.0
Axes           | 3 4 5 6 7 9 11 12 | 12.8
Armour         | 4 5 6 7 8 9 |  9.7
Shields        | |  3.6

Action                   |  1- 3 |  4- 6 |  7- 9 | 10-12 || total
-------------------------+-------+-------+-------+-------++-------
Melee: War axe           |    59 |   137 |   232 |   176 ||   604
       Headbutt          |    12 |    28 |    51 |    42 ||   133
  Use: Scroll            |       |     6 |     4 |     5 ||    15
       Potion            |       |       |     9 |       ||     9
Armor: Scale mail        |    34 |    44 |       |       ||    78
       Chain mail        |       |    27 |    93 |   150 ||   270
Dodge: Dodged            |    28 |    69 |   137 |    93 ||   327
Block: Buckler           |    14 |    26 |    41 |    44 ||   125

Levels and vault maps discovered:
D:1:      roderic_dead_forest, layout_rooms, serial_glass, glass_columns_a,
          glass_columns_b
D:2:      layout_loops_corners, st_stairs_12, bh_walls_and_bars, uniq_natasha
D:3:      layout_loops_ring, shapermc_ecumenical_altar_ellora
D:4:      minmay_razor_zed, layout_loops_ring, st_stairs_3
D:5:      layout_basic, mainiacjoe_overflow_brackets, uniq_eustachio,
          uniq_menkaure, uniq_prince_ribbit1
D:6:      layout_basic, skrybe_limestone_x, uniq_duvessa
D:7:      layout_loops_corners, minmay_temple_entry_glassed_door
D:8:      layout_basic, serial_shops, shop, kennysheep_donut, uniq_maurice
D:9:      layout_roguey, minivault_24
D:10:     layout_small_grid, uniq_joseph
Temple:   mainiacjoe_temple_trianglar_array

Notes
Turn   | Place    | Note
-------+----------+-------------------------------------------
     0 | D:1      | Sanktem7 the Minotaur Fighter began the quest for the Orb.
     0 | D:1      | Reached XP level 1. HP: 19/19 MP: 0/0
     0 | D:1      | magus.rc [v1.9.6]
   114 | D:1      | Reached XP level 2. HP: 27/27 MP: 1/1
   136 | D:1      | Reached skill level 4 in Fighting
   184 | D:1      | magus.rc [v1.9.6]
   189 | D:1      | Reached skill level 3 in Axes
   364 | D:1      | Reached XP level 3. HP: 33/33 MP: 2/2
   419 | D:1      | Reached skill level 4 in Armour
   513 | D:2      | Reached skill level 4 in Axes
   513 | D:2      | Reached XP level 4. HP: 25/41 MP: 3/3
   851 | D:2      | Reached skill level 5 in Fighting
   967 | D:2      | Noticed Natasha
   972 | D:2      | Killed Natasha
  1228 | D:2      | Reached XP level 5. HP: 44/48 MP: 4/4
  2147 | D:3      | Found a faded altar of an unknown god.
  2406 | D:4      | You pick up a book of Weapons and begin reading...
  2406 | D:4      | You add the spells Portal Projectile, Excruciating Wounds
                  | and Blade Hands to your library.
  2473 | D:4      | Noticed a centaur
  2476 | D:4      | Killed a centaur
  2477 | D:4      | Reached skill level 5 in Axes
  2477 | D:4      | Reached XP level 6. HP: 54/57 MP: 5/5
  2483 | D:4      | Reached skill level 5 in Armour
  2676 | D:4      | You pick up a book of Touch and begin reading...
  2676 | D:4      | You add the spells Static Discharge, Sticky Flame and
                  | Dispel Undead to your library.
  2852 | D:4      | Reached skill level 6 in Fighting
  3464 | D:5      | Entered Level 5 of the Dungeon
  3464 | D:5      | Noticed Eustachio
  3477 | D:5      | Killed Eustachio
  3478 | D:5      | Reached skill level 6 in Axes
  3478 | D:5      | Reached XP level 7. HP: 41/64 MP: 6/6
  3716 | D:5      | Reached skill level 7 in Fighting
  3889 | D:5      | Noticed Prince Ribbit
  3894 | D:5      | Killed Prince Ribbit
  3895 | D:5      | Reached skill level 7 in Axes
  3895 | D:5      | Reached skill level 6 in Armour
  3983 | D:5      | Noticed Menkaure
  3994 | D:5      | HP: 14/67 [Menkaure/nerve-wracking pain (14)]
  3995 | D:5      | Killed Menkaure
  3996 | D:5      | Reached skill level 8 in Fighting
  3996 | D:5      | Reached XP level 8. HP: 15/74 MP: 7/7
  4319 | D:5      | Found a shimmering altar of Xom.
  4852 | D:5      | Gained mutation: Your body sometimes deteriorates upon
                  | taking damage. [potion of mutation]
  4969 | D:6      | Noticed Duvessa
  4971 | D:6      | Noticed Dowan
  4978 | D:6      | Killed Duvessa
  4979 | D:6      | Reached skill level 8 in Axes
  4993 | D:6      | Killed Dowan
  5351 | D:6      | You add the spells Blink, Manifold Assault and Storm Form
                  | to your library.
  5420 | D:6      | Reached skill level 9 in Fighting
  5427 | D:6      | Reached skill level 7 in Armour
  5892 | D:6      | Reached skill level 9 in Axes
  6100 | D:7      | Reached XP level 9. HP: 78/84 MP: 8/8
  6491 | D:7      | Reached skill level 10 in Fighting
  6595 | D:7      | Found a staircase to the Ecumenical Temple.
  6911 | D:7      | Reached skill level 10 in Axes
  6952 | D:7      | You pick up a book of Scorching and begin reading...
  6952 | D:7      | You add the spells Scorch, Flame Wave and Summon Cactus
                  | Giant to your library.
  7334 | Temple   | Entered the Ecumenical Temple
  7734 | Temple   | Became a worshipper of Warmaster Okawaru
  7857 | D:8      | Reached skill level 8 in Armour
  8283 | D:8      | Noticed a two-headed ogre
  8291 | D:8      | Killed a two-headed ogre
  8292 | D:8      | Reached skill level 11 in Fighting
  8292 | D:8      | Reached skill level 11 in Axes
  8437 | D:8      | Found Muxigh's Antique Weapon Boutique.
  8514 | D:8      | Noticed Maurice
  8527 | D:8      | Killed Maurice
  8527 | D:8      | Reached * piety under Okawaru
  8528 | D:8      | Reached XP level 10. HP: 81/96 MP: 6/9
  9356 | D:9      | You add the spells Gell's Gravitas, Teleport Other and
                  | Dispersal to your library.
  9382 | D:9      | Reached skill level 12 in Fighting
  9576 | D:9      | Reached ** piety under Okawaru
  9577 | D:9      | Reached skill level 9 in Armour
  9600 | D:9      | Paralysed by a hornet for 3 turns
  9605 | D:9      | Paralysed by a hornet for 3 turns
 10144 | D:10     | Entered Level 10 of the Dungeon
 10183 | D:10     | Reached skill level 12 in Axes
 10343 | D:10     | HP: 21/99 [something (8)]
 10350 | D:10     | HP: 13/99 [something (3)]
 10714 | D:10     | Noticed Joseph
 10723 | D:10     | Killed Joseph
 10917 | D:10     | Noticed a rust devil
 10934 | D:10     | Noticed a soul eater
 10941 | D:10     | Noticed a sixfirhy
 10963 | D:10     | Reached *** piety under Okawaru
 10964 | D:10     | Reached skill level 13 in Fighting
 11361 | D:10     | HP: 24/101 [something (6)]
 11812 | D:10     | HP: 18/101 [something (8)]
 11820 | D:10     | HP: 11/101 [something (1)]
 11820 | D:10     | HP: 4/101 [something (7)]
 11826 | D:10     | Slain by an unseen horror

Vanquished Creatures
  A two-headed ogre (D:8)
  Maurice (D:8)
  Joseph (D:10)
  2 kobold demonologists (D:10)
  A hornet (D:9)
  Prince Ribbit (D:5)
  A shadow (D:10)
  Eustachio (D:5)
  A wyvern (D:9)
  7 yaks
  A steam dragon (D:7)
  Menkaure (D:5)
  An acid dragon (D:10)
  2 water moccasins
  Duvessa (D:6)
  5 orc warriors
  A sky beast (D:7)
  An ogre (D:7)
  3 necrophages
  3 centaurs
  A kobold brigand (D:7)
  A bullfrog (D:9)
  A scorpion (D:4)
  3 wyvern zombies
  A wyvern skeleton (D:7)
  2 water moccasin skeletons
  Dowan (D:6)
  A howler monkey (D:6)
  2 bullfrog zombies
  2 centaur zombies
  5 hounds
  2 gnoll shamans
  2 jellies
  4 orc priests
  2 bullfrog skeletons (D:6)
  3 iguanas
  Natasha (D:2)
  5 orc wizards
  A howler monkey zombie (D:9)
  8 adders
  13 gnolls
  A white imp (D:7)
  An ufetubus (D:6)
  An adder skeleton (D:4)
  5 worms
  4 dart slugs
  17 orcs
  4 ball pythons
  6 endoplasms
  9 giant cockroaches
  8 goblins
  9 hobgoblins
  5 quokkas
  9 bats
  3 frilled lizards (D:2)
  14 kobolds
  6 rats
199 creatures vanquished.

Table legend:
 A = Non-vault XP
 B = Vault XP
 C = Vault XP percentage of total XP
 D = Non-vault monster count
 E = Vault monster count
 F = Vault count percentage of total count
                 A         B        C        D         E       F
            +---------+---------+-------+---------+---------+-------
      Total |    8014 |    2140 |  21.1 |     177 |      22 |  11.1
            +---------+---------+-------+---------+---------+-------
        D:1 |      44 |       0 |   0.0 |      19 |       0 |   0.0
        D:2 |     135 |      37 |  21.5 |      28 |       3 |   9.7
        D:3 |      20 |       0 |   0.0 |       9 |       0 |   0.0
        D:4 |     100 |     336 |  77.1 |      19 |      12 |  38.7
        D:5 |     390 |     624 |  61.5 |      10 |       3 |  23.1
        D:6 |     808 |     205 |  20.2 |      22 |       2 |   8.3
        D:7 |    1317 |       0 |   0.0 |      19 |       0 |   0.0
        D:8 |    1313 |     508 |  27.9 |      12 |       1 |   7.7
        D:9 |    1591 |       0 |   0.0 |      19 |       0 |   0.0
       D:10 |    2296 |     430 |  15.8 |      20 |       1 |   4.8
            +---------+---------+-------+---------+---------+-------

Illustrated notes

Table legend:
 A = Kills in this place as a percentage of kills in entire the game.
 B = Kills by you in this place as a percentage of kills by you in the entire game.
 C = Kills by friends in this place as a percentage of kills by friends in the entire game.
 D = Other kills in this place as a percentage of other kills in the entire game.
 E = Experience gained in this place as a percentage of experience gained in the entire game.
 F = Experience gained in this place divided by the number of levels of this place that you have seen.
                   A       B       C       D       E      F
               +-------+-------+-------+-------+-------+----------------------
         Total | 100.0 | 100.0 |   N/A |   N/A | 100.0 | 923.1
       Dungeon | 100.0 | 100.0 |   N/A |   N/A | 100.0 | 1015.4
               +-------+-------+-------+-------+-------+----------------------

Table legend: (Time is in decaauts)
 A = Elapsed time spent in this place.
 B = Non-inter-level travel time spent in this place.
 C = Inter-level travel time spent in this place.
 D = Time resting spent in this place.
 E = Time spent auto-exploring this place.
 F = Levels seen in this place.
 G = Mean time per level.
                   A        B        C        D        E       F      G
               +--------+--------+--------+--------+--------+-----+--------+
         Total |  11904 |  11498 |    406 |    371 |   9618 |  11 | 1082.2 |
       Dungeon |  11452 |  11140 |    312 |    371 |   9271 |  10 | 1145.2 |
        Temple |    451 |    357 |     94 |      0 |    347 |   1 |  451.0 |
               +--------+--------+--------+--------+--------+-----+--------+

Top non-repeatable levels by time:
    D:10: 1674 daAuts
     D:5: 1452 daAuts
     D:2: 1293 daAuts
     D:7: 1263 daAuts
     D:9: 1200 daAuts
     D:6: 1192 daAuts
     D:8: 1146 daAuts
     D:4: 1109 daAuts
     D:3: 676 daAuts
  Temple: 451 daAuts
     D:1: 443 daAuts
